 Dungeon Crawl Stone Soup version 0.30-a0-728-gc68057be0a (webtiles) character file.

Game seed: 13526534028925758991

11575 bande the Cleaver (level 11, -12/68 HPs)
             Began as a Gargoyle Fighter on Jan 31, 2023.
             Was a Believer of Okawaru.
             Mangled by a death yak (16 damage)
             ... on level 9 of the Dungeon on Feb 1, 2023.
             The game lasted 00:18:38 (8900 turns).

bande the Cleaver (Gargoyle Fighter)                Turns: 8900, Time: 00:18:39

Health: -12/68     AC: 37    Str: 19    XL:     11   Next: 79%
Magic:  12/12      EV:  6    Int:  8    God:    Okawaru [**....]
Gold:   503        SH:  6    Dex: 17    Spells: 10/10 levels left

rFire   . . .      SeeInvis .    a - +1 war axe (spect)
rCold   + + .      Faith    .    c - +0 buckler
rNeg    + . .      Spirit   .    u - +10 plate armour of the Living Cockroach {rC+}
rPois   ∞          Reflect  .    F - +2 hat
rElec   +          Harm     .    p - +0 cloak
rCorr   +          Rampage  .    B - +0 pair of gloves
Will    .....                    (no boots) Stlth
                                 (no amulet)
HPRegen 0.31/turn                b - ring of protection from cold
MPRegen 0.13/turn                v - ring of resist corrosion

@: mighty, brilliant
A: sickness immunity, AC +8, negative energy resistance 1, electricity
resistance, torment resistance 1, petrification resistance, agile 1
a: Renounce Religion, Heroism


You were on level 9 of the Dungeon.
You worshipped Okawaru.
Okawaru was pleased with you.
You visited 2 branches of the dungeon, and saw 10 of its levels.
You also visited: Sewer.

You collected 566 gold pieces.
You spent 63 gold pieces at shops.

Inventory:

Hand Weapons
 a - a +1 spectral war axe (weapon)
 y - a +0 heavy war axe
 G - a +4 scimitar of flaming
Armour
 c - a +0 buckler (worn)
 p - a +0 cloak (worn)
 u - the +10 plate armour of the Living Cockroach (worn) {rC+}
   (You found it on level 3 of the Dungeon)

   rC:        It protects you from cold.
 B - a +0 pair of gloves (worn)
 F - a +2 hat (worn)
Jewellery
 b - a ring of protection from cold (left hand)
 l - a +6 ring of intelligence
 n - a ring of flight
 r - an amulet of the acrobat
 t - a ring of see invisible
 v - a ring of resist corrosion (right hand)
Wands
 g - a wand of flame (9)
 H - a wand of quicksilver (9)
 J - a wand of digging (2)
Scrolls
 f - 2 scrolls of teleportation
 q - 2 scrolls of silence
 w - a scroll of fear
 x - 2 scrolls of amnesia
 E - 2 scrolls of identify
 I - a scroll of poison
Potions
 e - 4 potions of mutation
 h - 3 potions of cancellation
 i - 2 potions of magic
 j - a potion of curing
 k - a potion of brilliance
 o - a potion of flight {unknown}
 s - a potion of attraction {unknown}
 z - 2 potions of invisibility {unknown}
 A - a potion of lignification {unknown}
 C - 2 potions of haste {unknown}
 D - a potion of experience {unknown}


   Skills:
 + Level 8.3 Fighting
 + Level 11.3 Axes
 + Level 9.3 Armour
 + Level 6.5 Shields
 * Level 2.6 Invocations
 * Level 6.4 Evocations


You had 10 spell levels left.
You didn't know any spells.
Your spell library contained the following spells:

 Spells                   Type           Power      Damage    Failure   Level
 Beastly Appendage        Tmut           0%         N/A       100%        1
 Magic Dart               Conj           0%         1d3       100%        1
 Sandblast                Erth           0%         2d4       100%        1
 Passwall                 Tmut/Erth      0%         N/A       100%        2
 Wereblood                Tmut           0%         N/A       100%        2
 Spider Form              Tmut/Pois      0%         N/A       100%        3
 Stone Arrow              Conj/Erth      0%         3d7       100%        3
 Freezing Cloud           Conj/Ice/Air   0%         6-21      100%        5


Dungeon Overview and Level Annotations

Branches:
Dungeon (9/15)             Temple (1/1) D:6            Lair (0/5) D:9
  Sewer (visited)
    Orc: D:9-12

Altars:
Ashenzari
Cheibriados
Dithmenos
Elyvilon
Fedhas
Gozag
Hepliaklqana
Kikubaaqudgha
Makhleb
Nemelex Xobeh
Okawaru
Qazlal
Ru
Sif Muna
Trog
Uskayaw
Vehumet
Wu Jian
Yredelemnul
Zin
The Shining One

Shops:
D:3 (   D:4 [   D:5 =[=[

Annotations:
D:6 3 runed translucent doors, Esekla's ghost, novice OpDe


Innate Abilities, Weirdness & Mutations

You are immune to sickness and miasma.
Your stone body is resilient. (AC +8)
You are immune to poison.
You resist negative energy. (rN+)
You are resistant to electric shocks. (rElec)
You are resistant to unholy torment.
You are immune to petrification.
You are agile. (Dex +4, Str/Int -1)


Message History

The death yak gores you but does no damage.
You slash the death yak!
The death yak is moderately wounded.
The death yak gores you but does no damage.
You barely miss the death yak.
The death yak is moderately wounded.
The death yak gores you but does no damage.
You slash the death yak!
The death yak is heavily wounded.
You block the death yak's attack.
You slash the death yak!
The death yak is severely wounded.
You block the death yak's attack.
You slash the death yak!
The death yak is severely wounded.
The death yak gores you but does no damage.
You hit the death yak.
The death yak is almost dead.
The death yak gores you but does no damage.
You slash the death yak!
You kill the death yak!
Okawaru is honoured by your kill.
You slash the death yak!
The death yak is lightly wounded.
The death yak gores you but does no damage.
You slash the death yak!
The death yak is moderately wounded.
The death yak gores you!!
* * * LOW HITPOINT WARNING * * *
You slash the death yak!
The death yak is heavily wounded.
The death yak gores you!
* * * LOW HITPOINT WARNING * * *
You barely miss the death yak.
The death yak is moderately wounded.
The death yak gores you but does no damage.
You slash the death yak!
The death yak is heavily wounded.
The death yak gores you!
You die...

# #.....# #...# # #.....#
#...# #.....### # #.....#
#...# #........ # #.....#
#...# #........ #
#.....###...# #....<.. #
#...........# #.....# #
#...........# #.....# .
###.....###...####.....#...
........# #.....@YY........
##......# #..#####Y.......(
##......# #..# #..#......
##......# #..# #.........
##...>..# #..# #......#.. #
......# #.. #..#...... #
......# #.. #..#....>. #
..... #.. #..#...... # ....
#..# ...#


You could see 3 death yaks.

Vanquished Creatures
  A centaur warrior (D:8)
  2 two-headed ogres (D:8)
  Erica (D:8)
  3 death yaks (D:9)
  The ghost of arandomgamer the Chopper, a novice HORe of Qazlal (D:8)
  A cyclops (D:8)
  Maggie (D:7)
  An unseen horror skeleton (D:7)
  A troll (D:8)
  A hornet (D:7)
  Prince Ribbit (D:5)
  Grinder (D:5)
  2 slime creatures (D:8)
  Eustachio (D:5)
  A shadow (D:8)
  A wyvern (D:8)
  A basilisk (D:8)
  A vampire mosquito (D:8)
  Menkaure (D:5)
  4 steam dragons
  A sky beast (D:4)
  An ice beast (D:8)
  10 orc warriors
  5 centaurs
  2 ogres
  3 phantoms (D:6)
  3 bullfrogs
  4 kobold brigands
  A necrophage (D:6)
  3 scorpions
  A water moccasin zombie (D:6)
  A wyvern skeleton (D:6)
  A wight (D:8)
  A killer bee (D:8)
  An electric eel (D:7)
  3 howler monkeys
  2 centaur zombies (D:6)
  2 hounds
  3 orc priests
  3 jellies
  2 bullfrog skeletons (D:6)
  Terence (D:3)
  2 iguanas
  6 orc wizards
  2 killer bee zombies (D:6)
  2 howler monkey zombies (D:7)
  3 gnolls (D:5)
  5 adders
  3 white imps
  3 worms
  3 dart slugs
  36 orcs
  7 endoplasms
  4 giant cockroaches
  6 goblins
  7 hobgoblins
  2 jackals (D:5)
  33 kobolds
  4 quokkas
  8 ball pythons
  6 bats
  4 frilled lizards
  4 rats
231 creatures vanquished.

Vanquished Creatures (others)
  A gnoll (D:8)
  3 plants
  A withered plant (D:6)
5 creatures vanquished.

Grand Total: 236 creatures vanquished

Notes
Turn   | Place    | Note
-------+----------+-------------------------------------------
     0 | D:1      | bande the Gargoyle Fighter began the quest for the Orb.
     0 | D:1      | Reached XP level 1. HP: 14/14 MP: 1/1
   190 | D:1      | Reached XP level 2. HP: 15/19 MP: 2/2
   425 | D:1      | Reached skill level 2 in Axes
   548 | D:1      | Found a faded altar of an unknown god.
   839 | D:2      | Reached XP level 3. HP: 24/24 MP: 3/3
  1413 | D:2      | Reached XP level 4. HP: 23/29 MP: 4/4
  1749 | D:3      | Found a shadowy altar of Dithmenos.
  1825 | D:3      | Identified the +10 plate armour of the Living Cockroach
                  | {rC+}
  1857 | D:3      | Found Tymaxzut's Weapon Emporium.
  1925 | D:3      | Noticed Terence
  1938 | D:3      | Killed Terence
  1939 | D:3      | Reached skill level 3 in Axes
  1939 | D:3      | Reached XP level 5. HP: 17/33 MP: 5/5
  2636 | D:4      | Found Cilofam's Antique Armour Shoppe.
  2712 | D:4      | Got the Verses on Forceful Corruption
  2770 | D:4      | Found a sacrificial altar of Ru.
  2771 | D:4      | Found a snail-covered altar of Cheibriados.
  2771 | D:4      | Found a hazy altar of Hepliaklqana.
  2772 | D:4      | Found an opulent altar of Gozag.
  2846 | D:4      | Reached XP level 6. HP: 36/39 MP: 6/6
  2899 | D:4      | Noticed a sky beast
  2928 | D:4      | Killed a sky beast
  2929 | D:4      | Reached skill level 4 in Axes
  3049 | D:5      | Entered Level 5 of the Dungeon
  3050 | D:5      | Noticed Prince Ribbit
  3070 | D:5      | Killed Prince Ribbit
  3071 | D:5      | Reached skill level 5 in Axes
  3071 | D:5      | Reached XP level 7. HP: 18/44 MP: 7/7
  3342 | D:5      | Found Juack's Antique Armour Emporium.
  3420 | D:5      | Found Xeepnoing's Jewellery Shoppe.
  3461 | D:5      | Found Togguc's Armour Emporium.
  3464 | D:5      | Bought a +0 pair of gloves for 63 gold pieces
  3560 | D:5      | Noticed Eustachio
  3626 | D:5      | Killed Eustachio
  3627 | D:5      | Reached skill level 5 in Fighting
  3627 | D:5      | Reached skill level 5 in Armour
  3929 | D:5      | Noticed Menkaure
  3938 | D:5      | Killed Menkaure
  3939 | D:5      | Reached XP level 8. HP: 23/49 MP: 8/8
  4182 | D:5      | Reached skill level 6 in Axes
  4226 | D:5      | Reached skill level 1 in Evocations
  4287 | D:5      | Noticed Grinder
  4293 | D:5      | Killed Grinder
  4294 | D:5      | Reached skill level 5 in Shields
  4334 | D:5      | Found Oseffuos's Jewellery Shoppe.
  4723 | D:6      | Reached skill level 7 in Axes
  4727 | D:6      | Reached XP level 9. HP: 49/55 MP: 9/9
  4736 | D:6      | Found a runed translucent gate.
  4737 | D:6      | Found a runed translucent gate.
  4738 | D:6      | Found a runed translucent gate.
  4740 | D:6      | Noticed Esekla's ghost (novice OpDe)
  4744 | D:6      | Noticed a kobold demonologist
  4762 | D:6      | Found a staircase to the Ecumenical Temple.
  4773 | Temple   | Entered the Ecumenical Temple
  5029 | D:6      | Found a blossoming altar of Fedhas.
  5172 | D:6      | Found a glowing drain.
  5181 | Sewer    | Entered a sewer
  5295 | Sewer    | Reached skill level 8 in Axes
  5543 | D:6      | Gained mutation: You are agile. (Dex +4, Str/Int -1)
                  | [potion of mutation]
  5705 | D:7      | Found a runed translucent gate.
  5705 | D:7      | Found a runed translucent gate.
  5752 | D:7      | Found a runed translucent gate.
  5795 | D:7      | Noticed a hornet
  5805 | D:7      | Killed a hornet
  6480 | D:7      | Found a basalt altar of Yredelemnul.
  6489 | D:7      | Reached XP level 10. HP: 61/61 MP: 10/10
  6565 | D:7      | Noticed Maggie
  6573 | D:7      | Killed Maggie
  6574 | D:7      | Reached skill level 9 in Axes
  6896 | D:7      | Noticed arandomgamer's ghost (novice HORe)
  7140 | D:8      | Killed arandomgamer's ghost
  7241 | D:8      | Noticed Erica
  7248 | D:8      | Killed Erica
  7301 | D:8      | Noticed a two-headed ogre
  7307 | D:8      | Killed a two-headed ogre
  7308 | D:8      | Reached skill level 5 in Evocations
  7375 | D:8      | Reached skill level 10 in Axes
  7597 | D:8      | Reached XP level 11. HP: 67/67 MP: 11/11
  7736 | D:8      | Noticed a two-headed ogre
  7748 | D:8      | Killed a two-headed ogre
  8120 | D:8      | Found an iron altar of Okawaru.
  8147 | D:8      | Became a worshipper of Warmaster Okawaru
  8303 | D:8      | Noticed a centaur warrior
  8311 | D:8      | Killed a centaur warrior
  8312 | D:8      | Reached skill level 1 in Invocations
  8614 | D:8      | Noticed a cyclops
  8623 | D:8      | Killed a cyclops
  8623 | D:8      | Reached * piety under Okawaru
  8624 | D:8      | Reached skill level 11 in Axes
  8851 | D:9      | Noticed a death yak
  8853 | D:9      | Found a staircase to the Lair.
  8853 | D:9      | Noticed a death yak
  8853 | D:9      | Noticed a death yak
  8853 | D:9      | Noticed a death yak
  8854 | D:9      | Noticed a death yak
  8854 | D:9      | Noticed a death yak
  8866 | D:9      | HP: 3/68 [death yak (13)]
  8883 | D:9      | Killed a death yak
  8885 | D:9      | Killed a death yak
  8895 | D:9      | Killed a death yak
  8895 | D:9      | Reached ** piety under Okawaru
  8898 | D:9      | HP: 3/68 [death yak (15)]
  8900 | D:9      | Mangled by a death yak

Illustrated notes

Levels and vault maps discovered:
D:1:      heliophobic_arrival_henge, layout_loops_cross,
          shapermc_ecumenical_altar_hornbeckon, minmay_splitting_lines,
          dreamdust_mushroom_princess
D:2:      layout_basic
D:3:      layout_basic, grunt_dithmenos_smoke_and_mirrors, serial_forest,
          infiniplex_forest_clump_small, infiniplex_forest_lined_2,
          infiniplex_forest_fountain, infiniplex_forest_clump_small,
          infiniplex_forest_straight_4, infiniplex_forest_straight_2,
          serial_shops, shop, uniq_terence
D:4:      layout_rooms, chequers_temple_overflow_statue_of_worship,
          serial_shops, shop
D:5:      layout_loops_ring, serial_shops, nicolae_shop_behind_doors, shop,
          nicolae_take_the_stairs, shop, kennysheep_generic_room_16,
          uniq_grinder, uniq_prince_ribbit1, uniq_eustachio, uniq_menkaure
D:6:      layout_rooms, fedhas_altar_3, minmay_temple_entry_grid,
          cheibrodos_sewer_entry_drain, gammafunk_ghost_split, serial_undead,
          serial_undead_b, serial_undead_f, serial_undead_b, serial_undead_b,
          serial_undead_b, serial_undead_c, minmay_stone_trees_large
D:7:      layout_loops_corners, mainiacjoe_overflow_24_doors,
          gammafunk_ghost_necromancy, nicolae_lava_and_water, kennysheep_potato,
          uniq_maggie
D:8:      minmay_quarter_circles, layout_basic,
          mainiacjoe_overflow_concentric_impassable,
          hangedman_abyss_or_decor_jellyfish_corner, grunt_ministairs_10,
          uniq_erica
D:9:      layout_long_grid, general_overflow_altar, dpeg_lair_monsters,
          serial_glass, glass_columns_c, glass_columns_a
Temple:   cyrus_circular_temple

Skill      XL: |  1  2  3  4  5  6  7  8  9 10 11 |
---------------+----------------------------------+-----
Axes           | 2 3 5 7 8 10 11 | 11.3
Fighting       | 4 5 6 7 8 |  8.3
Armour         | 4 5 6 7 8 9 |  9.3
Shields        | 4 5 6 |  6.5
Evocations     | 2 4 5 6 |  6.4
Invocations    | 2 |  2.6

Action                     |  1- 3 |  4- 6 |  7- 9 | 10-12 || total
---------------------------+-------+-------+-------+-------++-------
  Melee: War axe           |    88 |   156 |   274 |   170 ||   688
    Use: Scroll            |       |       |    15 |     2 ||    17
         Potion            |       |       |     1 |     6 ||     7
   Stab: Distracted        |       |       |     1 |       ||     1
 Armour: Scale mail        |    42 |    11 |       |       ||    53
         Plate armour      |       |   125 |   314 |   159 ||   598
         Chain mail        |       |     6 |       |       ||     6
  Dodge: Dodged            |    26 |    40 |    92 |    45 ||   203
  Block: Buckler           |    19 |    37 |    81 |    55 ||   192

Table legend: (Time is in decaauts)
 A = Elapsed time spent in this place.
 B = Non-inter-level travel time spent in this place.
 C = Inter-level travel time spent in this place.
 D = Time resting spent in this place.
 E = Time spent auto-exploring this place.
 F = Levels seen in this place.
 G = Mean time per level.
                   A        B        C        D        E       F      G
               +--------+--------+--------+--------+--------+-----+--------+
         Total |   9100 |   8726 |    374 |   1859 |   4893 |  11 |  827.3 |
       Dungeon |   8806 |   8432 |    374 |   1859 |   4750 |   9 |  978.4 |
        Temple |     49 |     49 |      0 |      0 |      0 |   1 |   49.0 |
         Sewer |    244 |    244 |      0 |      0 |    142 |   1 |  244.0 |
               +--------+--------+--------+--------+--------+-----+--------+

Top non-repeatable levels by time:
     D:8: 1775 daAuts
     D:5: 1692 daAuts
     D:7: 1429 daAuts
     D:3: 1037 daAuts
     D:1: 839 daAuts
     D:2: 735 daAuts
     D:6: 615 daAuts
     D:4: 544 daAuts
   Sewer: 244 daAuts
     D:9: 137 daAuts
  Temple: 49 daAuts
